 Dungeon Sprint DCSS version 0.19-a0-1834-g6b7851e (webtiles) character file.

1499 poirepourri the Fetichist (level 8, -3/39 HPs)
             Began as a Spriggan Artificer on Oct 8, 2016.
             Was a Follower of Nemelex Xobeh.
             Shot with an arrow by a centaur warrior (14 damage)
             ... in the Dungeon (Sprint I: "Red Sonja").
             The game lasted 00:03:08 (744 turns).

poirepourri the Fetichist (Spriggan Artificer)       Turns: 744, Time: 00:03:08

Health: -3/39      AC:  4    Str:  8    XL:     8   Next: 52%
Magic:  22/22      EV: 27    Int: 13    God:    Nemelex Xobeh [*.....]
Gold:   87         SH:  0    Dex: 18    Spells: 0 memorised, 7 levels left

rFire  . . .     SeeInvis +     a - +0 short sword
rCold  . . .     Gourm    .     b - +0 robe
rNeg   . . .     Faith    .     (shield restricted)
rPois  .         Spirit   .     (helmet restricted)
rElec  .         Dismiss  .     q - +1 cloak {MR+}
rCorr  .         Reflect  .     (gloves unavailable)
MR     ++...     Harm     .     (boots unavailable)
Stlth  ++++...... NoTele   +    (no amulet)
                                (no ring)
                                p - ring of wizardry

@: very quick
A: unfitting armour, see invisible, herbivore 3, speed 3, slow metabolism 2
a: Renounce Religion


You were in the Dungeon.
You worshipped Nemelex Xobeh.
Nemelex Xobeh was aware of your devotion.
You were not hungry.

You visited 1 branch You collected 625 gold pieces.
You spent 538 gold pieces at shops.

Inventory:

Hand Weapons
 a - a +0 short sword (weapon)
Armour
 b - a +0 robe (worn)
 q - a +1 cloak of magic resistance (worn)
Jewellery
 p - a ring of wizardry (left hand)
Wands
 c - a wand of flame (0/48)
 d - a wand of enslavement (15/24)
 e - a wand of random effects (8/48)
 m - a wand of flame (8/48)
Scrolls
 l - a scroll of blinking
Potions
 g - a potion of curing
 h - 4 potions of heal wounds
 i - 2 potions of haste
 j - 2 potions of magic
 k - a potion of berserk rage
 o - a potion of might
Miscellaneous
 n - an ornate deck of summoning {drawn: 1}
Comestibles
 f - a bread ration


   Skills:
 + Level 2.0 Fighting
 + Level 5.0 Short Blades
 + Level 10.7 Dodging
 + Level 6.6 Stealth
 + Level 19.5 Evocations


You had 7 spell levels left.
You didn't know any spells.

Dungeon Overview and Level Annotations

Branches:
Dungeon (1/1)

Altars:
Cheibriados
Dithmenos
Elyvilon
Fedhas
Gozag
Hepliaklqana
Kikubaaqudgha
Makhleb
Nemelex Xobeh
Okawaru
Qazlal
Ru
Sif Muna
Trog
Uskayaw
Vehumet
Xom
Yredelemnul
Zin
The Shining One
Jiyva
Lugonu

Shops:
D !![


Innate Abilities, Weirdness & Mutations

You are very small and have problems with some larger weapons.
You are too small for most types of armour.
You have supernaturally acute eyesight. (SInv)
You are a herbivore.
You cover ground extremely quickly.
You need consume almost no food.


Message History

Unknown command.
Unknown command.
There is an open door here.
The centaur warrior shouts!
Your hellwing completely misses the centaur warrior.
Your hellwing barely misses the centaur warrior.
You swap places.
The centaur warrior misses you.
The centaur warrior wields a shortbow.
The centaur warrior shoots an arrow.
The arrow hits you!
* * * LOW HITPOINT WARNING * * *
There is an open door here.
You see here an arrow.
The centaur warrior misses you.
You see here an arbalest.
You swap places.
The centaur warrior completely misses you.
The centaur warrior shoots an arrow.
The arrow barely misses your hellwing. The arrow hits you!
You die...
Your body disappears without a glow.

..÷).#..†).#..'..'..#
..#####'#####'#__####
..####..#...#)####§(
..#__####..##)#≈≈§§§#
..#_____##'#..+≈≈§§§+
⌠⌠#_.∩...'.h._#§§≈c.#
###_..__##_4#'##c###
#_____###'#[#c4[(###
###########.####@###.##
∩^.......'...'.....'.∩#
##++++####...##########
##.## #+#


You could see 2 centaur warriors and a friendly hellwing.

Vanquished Creatures
  A deep troll (D)
  A slime creature (D)
  Sigmund (D)
  A yak (D)
  An ogre (D)
  A jelly (D)
  Ijyb (D)
7 creatures vanquished.

Vanquished Creatures (others)
  Sonja (D)
1 creature vanquished.

Grand Total: 8 creatures vanquished

Notes
Turn   | Place    | Note
-------+----------+-------------------------------------------
     0 | D        | poirepourri the Spriggan Artificer began the quest for the Orb.
     0 | D        | Reached XP level 1. HP: 9/9 MP: 4/4
     2 | D        | Noticed Ijyb
    14 | D        | Killed Ijyb
    14 | D        | Reached skill level 7 in Evocations
    14 | D        | Reached XP level 2. HP: 6/14 MP: 4/7
   197 | D        | Noticed an ogre
   205 | D        | Killed an ogre
   205 | D        | Reached skill level 10 in Evocations
   205 | D        | Reached XP level 3. HP: 17/17 MP: 7/10
   205 | D        | Reached XP level 4. HP: 21/21 MP: 8/12
   316 | D        | Noticed Sigmund
   322 | D        | Killed Sigmund
   322 | D        | Reached skill level 1 in Fighting
   322 | D        | Reached skill level 13 in Evocations
   322 | D        | Reached XP level 5. HP: 25/25 MP: 13/15
   322 | D        | Reached XP level 6. HP: 30/30 MP: 13/16
   346 | D        | Found a deep blue altar of Sif Muna.
   348 | D        | Found a radiant altar of Vehumet.
   351 | D        | Reached skill level 14 in Evocations
   382 | D        | Found Coykhef's Distillery.
   382 | D        | Found an ancient bone altar of Kikubaaqudgha.
   382 | D        | Found a hazy altar of Hepliaklqana.
   382 | D        | Found a stormy altar of Qazlal.
   382 | D        | Found a hide-covered altar of Uskayaw.
   382 | D        | Found a blossoming altar of Fedhas.
   382 | D        | Found a bloodstained altar of Trog.
   382 | D        | Found an iron altar of Okawaru.
   382 | D        | Found a basalt altar of Yredelemnul.
   382 | D        | Found a glowing golden altar of the Shining One.
   382 | D        | Found a snail-covered altar of Cheibriados.
   382 | D        | Found a sacrificial altar of Ru.
   382 | D        | Found a glowing silver altar of Zin.
   382 | D        | Found a shadowy altar of Dithmenos.
   382 | D        | Found a white marble altar of Elyvilon.
   382 | D        | Noticed a yak
   383 | D        | Found an opulent altar of Gozag.
   397 | D        | Killed a yak
   397 | D        | Reached skill level 15 in Evocations
   406 | D        | Found a sparkling altar of Nemelex Xobeh.
   412 | D        | Became a worshipper of Nemelex Xobeh the Trickster
   421 | D        | Bought a potion of heal wounds for 60 gold pieces
   421 | D        | Bought a potion of heal wounds for 60 gold pieces
   421 | D        | Bought a potion of haste for 120 gold pieces
   428 | D        | Noticed Sonja
   503 | D        | Killed Sonja
   503 | D        | Reached skill level 5 in Stealth
   503 | D        | Reached skill level 17 in Evocations
   503 | D        | Reached XP level 7. HP: 34/34 MP: 18/20
   510 | D        | Found Vofe's Distillery.
   510 | D        | Received a gift from Nemelex Xobeh
   521 | D        | Bought a potion of heal wounds for 65 gold pieces
   521 | D        | Bought a potion of might for 52 gold pieces
   533 | D        | Noticed a deep troll
   563 | D        | Killed a deep troll
   563 | D        | Reached skill level 10 in Dodging
   563 | D        | Reached skill level 19 in Evocations
   563 | D        | Reached XP level 8. HP: 29/39 MP: 20/22
   649 | D        | Found a burning altar of Makhleb.
   649 | D        | Found a viscous altar of Jiyva.
   649 | D        | Found a shimmering altar of Xom.
   649 | D        | Found a corrupted altar of Lugonu.
   649 | D        | Noticed a slime creature
   656 | D        | Killed a slime creature
   656 | D        | Reached skill level 5 in Short Blades
   665 | D        | Reached * piety under Nemelex Xobeh
   702 | D        | Found Uxapu's Armour Emporium.
   712 | D        | Bought a +1 cloak of magic resistance for 181 gold pieces
   730 | D        | Noticed a centaur warrior
   731 | D        | Noticed a centaur warrior
   744 | D        | Shot with an arrow by a centaur warrior

Vault maps used:
D:        dungeon_sprint_1

Skill      XL: |  1  2  3  4  5  6  7  8 |
---------------+-------------------------+-----
Dodging        | 4 6 7 9 10 | 10.7
Stealth        | 2 5 6 |  6.6
Evocations     | 7 10 13 17 19 | 19.5
Short Blades   | 2 3 4 5 |  5.0
Fighting       | 1 2 |  2.0

Action                   |  1- 3 |  4- 6 |  7- 9 || total
-------------------------+-------+-------+-------++-------
Melee: Short sword       |     1 |     4 |     4 ||     9
Evoke: Wand              |    12 |    17 |     8 ||    37
       Deck              |       |       |     1 ||     1
 Stab: Sleeping          |     1 |     1 |     1 ||     3
       Distracted        |       |       |     1 ||     1
Armor: Robe              |     1 |       |       ||     1
Dodge: Dodged            |     4 |     8 |     7 ||    19
